 Dungeon Crawl Stone Soup version 0.27.1-33-g824d729ab1 (webtiles) character file.

Game seed: 17180317959515965358

1473 raph the Tainter (level 8, -11/44 HPs)
             Began as a Deep Elf Venom Mage on Dec 3, 2021.
             Was an Elder of Sif Muna.
             Mangled by an ogre (15 damage)
             ... on level 5 of the Dungeon.
             The game lasted 00:17:33 (8497 turns).

raph the Tainter (Deep Elf Venom Mage)              Turns: 8497, Time: 00:17:33

Health: -11/44     AC: 12    Str: 11    XL:     8   Next: 49%
Magic:  13/17      EV: 12    Int: 23    God:    Sif Muna [****..]
Gold:   246        SH:  0    Dex: 15    Spells: 5/17 levels left

rFire    . . .     SeeInvis .   a - +1 dagger (drain)
rCold    . . .     Faith    +   (no shield)
rNeg     . . .     Spirit   .   k - +2 robe
rPois    .         Reflect  .   g - +2 hat
rElec    .         Harm     .   b - +1 cloak
rCorr    .         Rampage  .   (no gloves)
Will     .....                  (no boots)
Stlth    ++........             j - amulet of faith
HPRegen  0.14/turn              h - +6 ring of strength
MPRegen  0.15/turn              m - +4 ring of protection

@: no status effects
A: no striking features
a: Renounce Religion, Channel Magic, Forget Spell, Divine Exegesis


You were on level 5 of the Dungeon.
You worshipped Sif Muna.
Sif Muna was greatly pleased with you.
You visited 1 branch of the dungeon, and saw 5 of its levels.
You also visited: Sewer.

You collected 246 gold pieces.

Inventory:

Hand Weapons
 a - a +1 dagger of draining (weapon)
 c - a +2 quarterstaff of chaos
Armour
 b - a +1 cloak (worn)
 g - a +2 hat (worn)
 k - a +2 robe (worn)
Jewellery
 d - a ring of wizardry
 h - a +6 ring of strength (left hand)
 j - an amulet of faith (around neck)
 l - a ring of positive energy
 m - a +4 ring of protection (right hand)
Scrolls
 i - 2 scrolls of fog
 t - a scroll of enchant weapon
Potions
 e - 2 potions of curing
 f - a potion of haste
 n - a potion of cancellation
 o - a potion of invisibility
 p - a potion of heal wounds {unknown}
 q - 2 potions of ambrosia {unknown}
 r - 2 potions of mutation {unknown}
 s - a potion of might {unknown}
 u - a potion of lignification {unknown}


   Skills:
 + Level 2.1 Fighting
 - Level 2.4 Dodging
 - Level 2.4 Stealth
 + Level 5.2 Spellcasting
 + Level 3.4 Conjurations
 + Level 2.1 Necromancy
 - Level 1.1 Transmutations
 + Level 3.0 Air Magic
 + Level 8.4 Poison Magic
 * Level 4.1 Invocations


You had 5 spell levels left.
You knew the following spells:

 Your Spells              Type           Power      Damage    Failure   Level
a - Sting                 Tmut/Pois      100%       1d8       1%          1
b - Poisonous Vapours     Pois/Air       64%        N/A       1%          2
c - Mephitic Cloud        Conj/Pois/Air  28%        N/A       3%          3
d - Olgreb's Toxic Radia  Pois           44%        N/A       3%          4
e - Animate Skeleton      Necr           30%        N/A       3%          1
f - Pain                  Necr           60%        1d7       3%          1

Your spell library contained the following spells:

 Spells                   Type           Power      Damage    Failure   Level
 Vampiric Draining        Necr           7%         2d7       12%         3


Dungeon Overview and Level Annotations

Branches:
Dungeon (5/15)              Sewer (visited)
 Temple: D:4-7

Altars:
Cheibriados
Elyvilon
Hepliaklqana
Kikubaaqudgha
Makhleb
Okawaru
Sif Muna
Zin
The Shining One

Shops:
D:3 (

Annotations:
D:3 blink or fly


Message History

Aiming: Sting (safe; 1% risk of failure)
Press: ? - help, Q - select action, (/) - cycle Shift-Dir - straight line, f - orc
Aim: an orc, wielding a +0 dagger (78% to hit)
The sting hits the orc!
The orc is poisoned.
You kill the orc!
Sif Muna accepts your kill.
No target in view!
You start resting.
Magic restored.
Found 8 gold pieces.
An ogre comes into view. It is wielding a +0 giant club.
Found 10 gold pieces.
Casting: Sting (safe; 1% risk of failure)
Confirm with . or Enter, or press ? or * to list all spells.
Aiming: Poisonous Vapours (safe; 1% risk of failure)
Press: ? - help, Dir - move target, f - ogre
Aim: an ogre, wielding a +0 giant club Poisonous vapours surround the ogre!
The ogre is poisoned.
You see here a throwing net.
You hit the ogre but do no damage.
The ogre hits you with a +0 giant club!!
Ouch! That really hurt!
You are too injured to fight recklessly!
You see here a +0 dagger.
The ogre looks more healthy.
Casting: Poisonous Vapours (safe; 1% risk of failure)
Confirm with . or Enter, or press ? or * to list all spells.
You begin to radiate toxic energy.
The ogre is poisoned.
The ogre hits you with a +0 giant club!
* * * LOW HITPOINT WARNING * * *
Your toxic aura wanes.
The ogre looks more healthy.
There is a stone staircase leading up here.
Aiming: Sting (safe; 1% risk of failure)
Press: ? - help, Q - select action, (/) - cycle Shift-Dir - straight line, f/p - ogre
Aim: an ogre, wielding a +0 giant club (almost dead, 89% to hit)
The sting hits the ogre.
The ogre is poisoned.
The ogre is almost dead.
The ogre hits you with a +0 giant club!
You die...

....# #....# ....#
#..[.#
....####....#
............#
....).......#
....####....#######
......######...<..#
#.###.....(.....O.#
#.# #....###....@.#
#)# #....###......#
..####.#....>######
....##...#####
.......#..###
..###.......#
.#####..#.#.#
...####.#.#.#
......#.#.#.#####


You could see an ogre (poisoned).

Vanquished Creatures
  Sigmund (D:4)
  4 ogres (D:5)
  A phantom (D:4)
  2 bullfrogs (Sewer)
  2 scorpions
  A water moccasin skeleton (D:5)
  A centaur zombie (D:5)
  A jelly (D:4)
  Crazy Yiuf (D:2)
  A centaur skeleton (D:4)
  Jessica (D:2)
  An iguana (D:5)
  4 orc wizards
  2 gnolls
  16 adders
  2 worms
  4 dart slugs
  9 orcs
  14 endoplasms
  16 giant cockroaches
  9 goblins
  8 hobgoblins
  7 jackals
  11 quokkas
  23 ball pythons
  6 bats
  8 frilled lizards
  5 kobolds
  7 rats (D:1)
168 creatures vanquished.

Vanquished Creatures (collateral kills)
  2 orcs (D:4)
  A ball python (Sewer)
  2 endoplasms (Sewer)
  A goblin (D:4)
6 creatures vanquished.

Grand Total: 174 creatures vanquished

Notes
Turn   | Place    | Note
-------+----------+-------------------------------------------
     0 | D:1      | raph the Deep Elf Venom Mage began the quest for the Orb.
     0 | D:1      | Reached XP level 1. HP: 10/10 MP: 6/6
    77 | D:1      | Reached skill level 4 in Poison Magic
    77 | D:1      | Reached XP level 2. HP: 15/15 MP: 2/8
   131 | D:1      | Learned a level 2 spell: Poisonous Vapours
   562 | D:1      | Reached XP level 3. HP: 18/19 MP: 5/9
   566 | D:1      | Learned a level 3 spell: Mephitic Cloud
  1481 | D:2      | Reached skill level 5 in Poison Magic
  1505 | D:2      | Noticed Jessica
  1529 | D:2      | Killed Jessica
  1530 | D:2      | Reached XP level 4. HP: 22/24 MP: 3/10
  1638 | D:2      | Found a runed translucent door.
  1639 | D:2      | Noticed Crazy Yiuf
  2165 | D:2      | Learned a level 1 spell: Animate Skeleton
  2334 | D:2      | Killed Crazy Yiuf
  2335 | D:2      | Reached skill level 6 in Poison Magic
  2472 | D:3      | Noticed a scorpion
  2484 | D:3      | Killed a scorpion
  2485 | D:3      | Reached XP level 5. HP: 28/28 MP: 8/11
  2830 | D:3      | Found a shimmering blue altar of Sif Muna.
  2834 | D:3      | Became a worshipper of Sif Muna the Loreminder
  3071 | D:3      | Reached skill level 7 in Poison Magic
  3516 | D:3      | Reached XP level 6. HP: 32/32 MP: 8/12
  3521 | D:3      | Learned a level 4 spell: Olgreb's Toxic Radiance
  3564 | D:3      | Found an ancient bone altar of Kikubaaqudgha.
  3661 | D:3      | Found Nuijor's Weapon Boutique.
  3904 | D:3      | Found an iron altar of Okawaru.
  4206 | D:4      | Reached skill level 1 in Conjurations
  4247 | D:4      | Reached * piety under Sif Muna
  4346 | D:4      | Identified a scroll of acquirement
  4346 | D:4      | Acquired an amulet of faith
  4392 | D:4      | Reached skill level 1 in Air Magic
  4537 | D:4      | Found a glowing drain.
  4620 | Sewer    | Entered a sewer
  4781 | Sewer    | Reached ** piety under Sif Muna
  4987 | Sewer    | Learned a level 1 spell: Pain
  5625 | Sewer    | Reached *** piety under Sif Muna
  5712 | Sewer    | Reached skill level 1 in Invocations
  5712 | Sewer    | Reached XP level 7. HP: 22/37 MP: 7/15
  6399 | D:4      | Reached skill level 1 in Fighting
  6575 | D:4      | Found a snail-covered altar of Cheibriados.
  6596 | D:4      | Noticed Sigmund
  6607 | D:4      | Killed Sigmund
  6608 | D:4      | Reached skill level 8 in Poison Magic
  6769 | D:4      | Found a burning altar of Makhleb.
  6771 | D:4      | Found a glowing silver altar of Zin.
  6771 | D:4      | Noticed an angel
  6772 | D:4      | Noticed an Executioner
  6815 | D:4      | Found a hazy altar of Hepliaklqana.
  6960 | D:4      | Found a white marble altar of Elyvilon.
  7052 | D:5      | Entered Level 5 of the Dungeon
  7252 | D:4      | Reached XP level 8. HP: 27/43 MP: 15/17
  7674 | D:5      | Found a glowing golden altar of the Shining One.
  7705 | D:5      | Reached skill level 1 in Necromancy
  8146 | D:5      | Reached skill level 5 in Spellcasting
  8261 | D:5      | Reached **** piety under Sif Muna
  8497 | D:5      | Mangled by an ogre

Illustrated notes

Levels and vault maps discovered:
D:1:      saegor_arrival_simple_e, layout_rooms, minmay_pentomino_w2
D:2:      layout_loops_ring, uniq_crazy_yiuf_cottage, uniq_jessica
D:3:      layout_rooms, okawaru_altar_gauntlet_db,
          nicolae_kikubaaqudgha_miasma_corner, led_sif_book, serial_shops, shop,
          minmay_box_of_dots
D:4:      layout_gridville, grunt_temple_overflow_order_and_chaos_2,
          elyvilon_altar_3, kennysheep_mini, general_overflow_altar,
          cheibrodos_sewer_entry_drain, minmay_snake_closets, uniq_sigmund
D:5:      layout_rooms, lemuel_round_altar

Skill      XL: |  1  2  3  4  5  6  7  8 |
---------------+-------------------------+-----
Poison Magic   | 4 5 6 7 8 |  8.4
Conjurations   | 1 2 3 |  3.4
Air Magic      | 1 2 3 |  3.0
Spellcasting   | 4 5 |  5.2
Invocations    | 1 3 4 |  4.1
Fighting       | 1 2 |  2.1
Necromancy     | 2 |  2.1
Dodging        | |  2.4
Stealth        | |  2.4
Transmutations | |  1.1

Action                   |  1- 3 |  4- 6 |  7- 9 || total
-------------------------+-------+-------+-------++-------
Melee: Dagger            |    27 |    60 |   120 ||   207
 Cast: Sting             |    30 |    62 |    34 ||   126
       Poisonous Vapours |    10 |    34 |    21 ||    65
       Mephitic Cloud    |       |     7 |     1 ||     8
       Animate Skeleton  |       |    24 |     4 ||    28
       Olgreb's Toxic Ra |       |    17 |     9 ||    26
       Pain              |       |    11 |       ||    11
  Use: Scroll            |       |    11 |     5 ||    16
 Stab: Sleeping          |     2 |     4 |     1 ||     7
Armor: Robe              |     4 |    36 |    61 ||   101
Dodge: Dodged            |    28 |    71 |    87 ||   186
